 Dungeon Crawl Stone Soup version 0.27.1-2-g3b301248ec (webtiles) character file.

Game seed: 16657830992193077545

622 Borgoz the Skirmisher (level 7, -10/93 HPs)
             Began as a Hill Orc Berserker on Sept 22, 2021.
             Was a Priest of Trog.
             Splashed by Pikel's acid (15 damage)
             ... on level 5 of the Dungeon.
             The game lasted 00:05:24 (4724 turns).

Borgoz the Skirmisher (Hill Orc Berserker)          Turns: 4724, Time: 00:05:25

Health: -10/93     AC:  1    Str: 20    XL:     7   Next: 46%
Magic:  7/7        EV: 13    Int: 13    God:    Trog [***...]
Gold:   294        SH:  0    Dex: 18    Spells: 6/6 levels left

rFire    . . .     SeeInvis .   a - +1 falchion
rCold    . . .     Faith    +   (no shield)
rNeg     . . .     Spirit   .   c - +1 animal skin
rPois    .         Reflect  .   d - +0 helmet
rElec    .         Harm     .   n - +0 cloak
rCorr    .         Rampage  .   (no gloves)
Will     .....                  (no boots)
Stlth    ..........             r - amulet of faith
HPRegen  0.25/turn              l - +6 ring of dexterity
MPRegen  0.10/turn              q - +6 ring of intelligence

@: berserking, corroded, very quick
A: no striking features
a: Renounce Religion, Berserk, Trog's Hand


You were on level 5 of the Dungeon.
You worshipped Trog.
Trog was most pleased with you.
You visited 1 branch of the dungeon, and saw 5 of its levels.

You collected 294 gold pieces.

Inventory:

Hand Weapons
 a - a +1 falchion (weapon)
 m - a +0 great sword
Armour
 c - a +1 animal skin (worn)
 d - a +0 helmet (worn)
 n - a +0 cloak (worn)
Jewellery
 l - a +6 ring of dexterity (left hand)
 q - a +6 ring of intelligence (right hand)
 r - an amulet of faith (around neck)
Wands
 i - a wand of iceblast (8)
Scrolls
 b - a scroll of blinking {unknown}
 g - a scroll of fear {unknown}
 h - a scroll of magic mapping {unknown}
 k - 2 scrolls of identify {unknown}
 o - a scroll of noise {unknown}
 p - a scroll of holy word {unknown}
Potions
 e - a potion of berserk rage {unknown}
 f - a potion of haste
 j - a potion of magic {unknown}


   Skills:
 + Level 5.9 Fighting
 + Level 5.4 Long Blades
 + Level 4.7 Armour
 + Level 3.5 Dodging


You had 6 spell levels left.
You didn't know any spells.
Your spell library was empty.

Dungeon Overview and Level Annotations

Branches:
Dungeon (5/15)
 Temple: D:4-7

Altars:
Cheibriados
Fedhas
Kikubaaqudgha
Makhleb
Ru
Uskayaw

Shops:
D:3 [

Annotations:
D:3 Natasha
D:5 Pikel


Message History

You feel the power of Trog in you as your rage grows.
You kill the orc priest!
Trog accepts your kill.
Pikel zaps a wand.
The bolt of acid hits you!!
You are splashed with acid!
The orc closely misses you.
You hit Pikel but do no damage.
Pikel is lightly wounded.
The lemure barely misses you.
You riposte.
You hit the lemure.
The lemure is lightly wounded.
Pikel barely misses you.
You riposte.
You closely miss Pikel.
Pikel is lightly wounded.
The orc completely misses you.
You riposte.
You slash the orc!
You feel the power of Trog in you as your rage grows.
You kill the orc!
Trog accepts your kill.
You closely miss Pikel.
Pikel is lightly wounded.
The lemure completely misses you. The lemure closely misses you.
Pikel hits you with a +1 whip of freezing.
Pikel freezes you.
You slash Pikel!
Pikel is heavily wounded.
The lemure closely misses you.
You slash Pikel!
Pikel is severely wounded.
The lemure closely misses you.
You riposte.
You slash the lemure!
The lemure is severely wounded.
The lemure hits you.
Pikel hits you with a +1 whip of freezing!
Pikel freezes you. The lemure hits you.
You hit Pikel.
Pikel is severely wounded.
The lemure misses you. The lemure closely misses you.
You riposte.
You slash the lemure!
The lemure is almost dead.
Pikel says, "You'll feel the lick of my whip!"
Pikel zaps a wand.
The bolt of acid hits you!!
* * * LOW HITPOINT WARNING * * *
The acid corrodes you!
You are splashed with acid!
You die...

#....## #.. #.##
.......####.###...#
.....>..##..#....#
.........#.......#
.................#
................##
......K..........##
....?55@..........##
......55#.###......#
##.....##.##.......##
####.# #.#.........#
## #.........>.#
#...........#
#..........<##
#............#
#............#


You could see Pikel and 4 lemures.

Vanquished Creatures
  Sigmund (D:4)
  A centaur (D:5)
  A wyvern skeleton (D:5)
  A water moccasin skeleton (D:4)
  Crazy Yiuf (D:3)
  An orc priest (D:5)
  A bullfrog skeleton (D:4)
  Ijyb (D:3)
  Natasha (D:3)
  An iguana (D:5)
  Robin (D:1)
  A gnoll (D:1)
  A worm (D:2)
  2 dart slugs (D:1)
  8 orcs
  5 bats
  7 endoplasms
  3 giant cockroaches
  15 goblins
  13 hobgoblins
  7 jackals
  2 quokkas
  4 ball pythons
  2 frilled lizards
  10 kobolds
  5 rats
96 creatures vanquished.

Vanquished Creatures (others)
  3 fungi (D:3)
3 creatures vanquished.

Grand Total: 99 creatures vanquished

Notes
Turn   | Place    | Note
-------+----------+-------------------------------------------
     0 | D:1      | Borgoz the Hill Orc Berserker began the quest for the Orb.
     0 | D:1      | Reached XP level 1. HP: 19/19 MP: 1/1
   264 | D:1      | Reached XP level 2. HP: 27/27 MP: 2/2
   703 | D:1      | Found a faded altar of an unknown god.
   845 | D:1      | Reached XP level 3. HP: 22/33 MP: 3/3
  1394 | D:2      | Noticed Robin
  1721 | D:1      | Reached ** piety under Trog
  1817 | D:1      | Reached XP level 4. HP: 31/40 MP: 4/4
  1924 | D:1      | Killed Robin
  2640 | D:3      | Found a blossoming altar of Fedhas.
  2676 | D:3      | Noticed Natasha
  2687 | D:3      | Killed Natasha
  2706 | D:3      | Noticed Natasha
  2732 | D:3      | Reached XP level 5. HP: 41/47 MP: 5/5
  2907 | D:3      | Found a burning altar of Makhleb.
  2980 | D:3      | Found a snail-covered altar of Cheibriados.
  2985 | D:3      | Found a sacrificial altar of Ru.
  2985 | D:3      | Noticed Ijyb
  2999 | D:3      | Killed Ijyb
  3192 | D:3      | Found Kassoh's Antique Armour Boutique.
  3481 | D:3      | Found a runed translucent door.
  3482 | D:3      | Noticed Crazy Yiuf
  3489 | D:3      | Killed Crazy Yiuf
  3721 | D:4      | Reached skill level 5 in Fighting
  3721 | D:4      | Reached XP level 6. HP: 27/56 MP: 6/6
  3735 | D:4      | Found an ancient bone altar of Kikubaaqudgha.
  4142 | D:4      | Noticed Sigmund
  4150 | D:4      | Killed Sigmund
  4151 | D:4      | Reached skill level 5 in Long Blades
  4413 | D:5      | Entered Level 5 of the Dungeon
  4434 | D:5      | Found a hide-covered altar of Uskayaw.
  4464 | D:5      | Reached XP level 7. HP: 59/61 MP: 7/7
  4466 | D:5      | Reached *** piety under Trog
  4711 | D:5      | Noticed Pikel
  4724 | D:5      | Splashed by Pikel's acid

Illustrated notes

Levels and vault maps discovered:
D:1:      minmay_arrival_stone_box, layout_loops_ring,
          ebering_ecumenical_altar_webs, minmay_tetromino_t4
D:2:      layout_basic, lemuel_another_geyser, uniq_robin
D:3:      layout_loops_ring, lemuel_tele_altar,
          mainiacjoe_overflow_catwalk_spiral, mainiacjoe_overflow_tiny_flanked,
          serial_shops, nicolae_shop_trees, minmay_vboxes,
          uniq_crazy_yiuf_cottage, uniq_natasha, uniq_ijyb
D:4:      layout_rooms, mainiacjoe_overflow_chevrons, uniq_sigmund
D:5:      layout_cave_pods, lemuel_coloured_pillars_altar, old_standard_altar,
          uniq_pikel

Skill      XL: |  1  2  3  4  5  6 |
---------------+-------------------+-----
Fighting       | 4 5 |  5.9
Dodging        | 2 3 |  3.5
Armour         | 3 4 |  4.7
Long Blades    | 4 5 |  5.4

Action                   |  1- 3 |  4- 6 |  7- 9 || total
-------------------------+-------+-------+-------++-------
Melee: Falchion          |    83 |   174 |    23 ||   280
Invok: Berserk           |     3 |     5 |     1 ||     9
       Trog's Hand       |       |     1 |       ||     1
  Use: Scroll            |     2 |       |       ||     2
Armor: Animal skin       |    16 |    53 |     5 ||    74
Dodge: Dodged            |    80 |   122 |    25 ||   227
       Rpst.: Falchion   |    25 |    45 |     9 ||    79
